[Event "Landsturneringen 2023"]
[Site "Vallhall, Oslo"]
[Date "2023.07.01"]
[Round "1"]
[White "Yran, Petter"]
[Black "Choquet, Sebastian"]
[Result "1-0"]
[WhiteElo "1576"]
[BlackElo "1473"]
[TimeControl "40/5400+30:1800+30"]
[BlackFideId "1572210"]
[WhiteFideId "1567659"]

1. e4 c5 2. Nf3 d6 3. d4 cxd4 4. Nxd4 Nf6 5. Nc3 a6 6. Bg5 Nbd7 7. Be3 b5
8. a4 b4 9. Nc6 Qc7 10. Nxb4 e6 11. Nd3 Bb7 12. f3 d5 13. exd5 Nxd5 14.
Nxd5 Bxd5 15. Qd2 Rb8 16. Bf4 Bd6 17. Bxd6 Qxd6 18. Be2 Qb6 19. a5 Qa7 20.
Bd1 Bc4 21. b3 Bxd3 22. Qxd3 O-O 23. Qd2 Qc5 24. Ra4 Ne5 25. Qd4 Qc7 26.
O-O Rfd8 27. Qe3 Rd5 28. Be2 Qxc2 29. Rc1 Qb2 30. Bf1 Rd2 31. Rb4 Rbd8 32.
Qc3 Qa2 33. Ra1 Qb2 34. Qxb2 Rxb2 35. Bxa6 h6 36. Bf1 Rdd2 37. a6 Nd3 38.
Rd4 Rxb3 39. Bxd3 Rbb2 40. Rd8# 1-0

[Event "Landsturneringen 2023"]
[Site "Vallhall, Oslo"]
[Date "2023.07.01"]
[Round "1"]
[White "Fitje, Tor-Finn Malum"]
[Black "Saude, Christian"]
[Result "0-1"]
[WhiteElo "1484"]
[BlackElo "1597"]
[TimeControl "40/5400+30:1800+30"]
[BlackFideId "1569465"]
[WhiteFideId "1567977"]

1. e4 c5 2. Nf3 Nc6 3. d4 cxd4 4. Nxd4 e5 5. Nb5 d6 6. c4 Be6 7. N1c3 a6 8.
Na3 g6 9. Be3 Bg7 10. Nc2 Nf6 11. Be2 O-O 12. f3 Rc8 13. Nd5 Bxd5 14. exd5
Ne7 15. a4 Nf5 16. Bg5 h6 17. Bc1 e4 18. f4 Qb6 19. a5 Qc5 20. Ra3 Nxd5 21.
Rb3 Qxa5+ 22. Bd2 Qc7 23. cxd5 Qxc2 24. Rxb7 Qxd1+ 25. Kxd1 Rc5 26. Bxa6
Ra8 27. Rb6 Rxd5 28. Re1 e3 29. Rxe3 Nxe3+ 30. Ke2 Nf5 31. Bb7 Re8+ 0-1

[Event "Landsturneringen 2023"]
[Site "Vallhall, Oslo"]
[Date "2023.07.01"]
[Round "1"]
[White "Lazareva, Emilie"]
[Black "Grindbakken, Erik"]
[Result "1-0"]
[WhiteElo "1470"]
[BlackElo "1574"]
[TimeControl "40/5400+30:1800+30"]
[BlackFideId "1526170"]
[WhiteFideId "1540092"]

1. e4 e6 2. d4 d5 3. exd5 exd5 4. c4 Bb4+ 5. Nc3 Nf6 6. a3 Bxc3+ 7. bxc3
O-O 8. cxd5 Nxd5 9. Bd2 Re8+ 10. Be2 Qe7 11. h3 Bf5 12. c4 Nb6 13. Be3 Nc6
14. Nf3 Rad8 15. O-O Be4 16. Re1 Bxf3 17. Bxf3 Nxc4 18. Bxc6 bxc6 19. Qc1
Qe6 20. Bf4 Qxe1+ 21. Qxe1 Rxe1+ 22. Rxe1 Kf8 23. Bxc7 Rxd4 24. Rc1 Rd7 25.
Bg3 Nxa3 26. Rxc6 Nb5 27. Rc8+ Ke7 28. Rh8 h6 29. Ra8 Nd4 30. Kf1 Nc6 31.
Rc8 Nb4 32. f3 f5 33. Be1 Nd5 34. Bf2 a6 35. Rc6 a5 36. Ra6 Nf4 37. Bc5+
Kf7 38. Rxa5 Rd1+ 39. Kf2 Rd2+ 40. Ke3 Rxg2 41. Kxf4 g6 42. Ra6 h5 43. h4
Kg7 44. Bd4+ Kf7 45. Ke5 Re2+ 46. Kd5 Rh2 47. Ra7+ Kf8 48. Ke6 Re2+ 49. Be5
Kg8 50. Ra8+ Kh7 51. Rh8# 1-0

[Event "Landsturneringen 2023"]
[Site "Vallhall, Oslo"]
[Date "2023.07.01"]
[Round "1"]
[White "Nyberget, Eirik"]
[Black "Hole, Vegard"]
[Result "0-1"]
[WhiteElo "1417"]
[BlackElo "1526"]
[TimeControl "40/5400+30:1800+30"]
[BlackFideId "1524275"]
[WhiteFideId "1542940"]

1. d4 Nf6 2. Bg5 g6 3. Bxf6 exf6 4. Nf3 Bg7 5. e4 d6 6. Bc4 O-O 7. O-O Nc6
8. Re1 Bg4 9. h3 Bxf3 10. Qxf3 Nxd4 11. Qd3 f5 12. Nc3 c6 13. exf5 Nxf5 14.
a4 d5 15. Bb3 Qg5 16. Re2 Bd4 17. Kh1 Nh4 18. g3 Nf5 19. g4 Bxc3 20. Qxc3
Nd6 21. Qc5 Ne4 22. Qe3 Qxe3 23. Rxe3 Nxf2+ 24. Kg2 Ne4 25. c4 dxc4 26.
Bxc4 Nd6 27. Ba2 Rfe8 28. Rb3 Kf8 29. Rd1 Rad8 30. Kf3 b6 31. Rbd3 Nb7 32.
Rd7 Rxd7 33. Rxd7 Re7 34. Rd3 Nc5 35. Rd8+ Kg7 36. b3 Ne6 37. Rd6 c5 38. a5
0-1

[Event "Landsturneringen 2023"]
[Site "Vallhall, Oslo"]
[Date "2023.07.01"]
[Round "1"]
[White "Mork, Peter"]
[Black "Johansen, Jimmy Alexander"]
[Result "1-0"]
[WhiteElo "1402"]
[BlackElo "1510"]
[TimeControl "40/5400+30:1800+30"]
[BlackFideId "1574612"]
[WhiteFideId "1580604"]

1. e4 d5 2. exd5 Nf6 3. Nf3 Nxd5 4. d4 Bg4 5. Be2 Nc6 6. O-O e6 7. Bg5 Be7
8. Bxe7 Ndxe7 9. c3 O-O 10. Nbd2 Nd5 11. Ne5 Nxe5 12. Bxg4 Nxg4 13. Qxg4
Rc8 14. Nb3 b6 15. Rae1 a5 16. f4 a4 17. Nd2 c5 18. dxc5 Nxc3 19. bxc3 Qxd2
20. cxb6 Qxc3 21. Qe2 Rb8 22. Rb1 Qc5+ 23. Qf2 Qxf2+ 24. Rxf2 Rb7 25. Rfb2
Ra8 26. Kf2 Kf8 27. Ke3 Ke7 28. Rc1 Rab8 29. Rc7+ Rxc7 30. bxc7 Rc8 31. Rb4
Rxc7 32. Rxa4 Kd6 33. Ra6+ Kc5 34. a4 Kd5 35. Kf3 Rc3+ 36. Kf2 Ke4 37. Ra7
f5 38. Rxg7 Kxf4 39. g3+ Ke4 40. Kg2 Rc2+ 41. Kh3 Ra2 42. Rxh7 e5 43. Ra7
Kf3 44. Rf7 Ke4 45. g4 f4 46. g5 Rxa4 47. g6 Ra8 48. Kg4 Rg8 49. Rf6 f3 50.
h4 f2 51. h5 Ke3 52. Kg5 e4 53. h6 Rxg6+ 54. Kxg6 Ke2 55. h7 e3 56. h8=Q
f1=Q 57. Rxf1 Kxf1 58. Qh3+ Kf2 59. Qh2+ Ke1 60. Kf5 e2 61. Qg1+ Kd2 62.
Qf2 Kd1 63. Qd4+ Kc2 64. Qe3 Kd1 65. Qd3+ Ke1 66. Ke4 Kf2 67. Qd2 Kf1 68.
Kf3 e1=N+ 1-0

[Event "Landsturneringen 2023"]
[Site "Vallhall, Oslo"]
[Date "2023.07.01"]
[Round "1"]
[White "Jørgensen, Peder"]
[Black "Szygenda, Jørgen"]
[Result "0-1"]
[WhiteElo "1338"]
[BlackElo "1496"]
[TimeControl "40/5400+30:1800+30"]
[BlackFideId "1573640"]
[WhiteFideId "1563238"]

1. e4 c5 2. Nf3 Nc6 3. d4 cxd4 4. Nxd4 g6 5. Be3 Bg7 6. c3 Nf6 7. Nxc6 bxc6
8. f3 Rb8 9. Bc4 Rxb2 10. Bb3 Rxg2 11. Kf1 Rb2 12. Nd2 Ba6+ 13. Kg2 d5 14.
Qc1 Rxb3 15. axb3 Bd3 16. Bd4 Bh6 17. Qe1 e5 18. Bxe5 Nh5 19. exd5 O-O 20.
Ne4 Re8 21. Bg3 cxd5 22. Nd6 Rxe1 23. Rhxe1 Qg5 24. Rxa7 Qd2+ 25. Kh3 Nf4+
26. Bxf4 Bxf4 27. Re8+ Kg7 28. Rxf7+ Kh6 0-1

[Event "Landsturneringen 2023"]
[Site "Vallhall, Oslo"]
[Date "2023.07.01"]
[Round "1"]
[White "Jørgensen, Ørjan"]
[Black "Rønning, Tom Jøran S"]
[Result "1/2-1/2"]
[WhiteElo "1569"]
[BlackElo "1434"]
[TimeControl "40/5400+30:1800+30"]
[BlackFideId "1530429"]
[WhiteFideId "1514911"]

1. e4 c6 2. f4 d5 3. e5 h5 4. Nf3 Bg4 5. Be2 e6 6. d4 c5 7. Be3 Qb6 8. Nbd2
Nh6 9. Nb3 c4 10. Nc5 Nf5 11. Bf2 Qxb2 12. Rb1 Qc3+ 13. Kf1 b6 14. Na4 Qa3
15. c3 Nd7 16. h3 Bxf3 17. Bxf3 h4 18. Nb2 b5 19. Qd2 b4 20. cxb4 c3 21.
Qd3 Bxb4 22. Nc4 dxc4 23. Qxc4 Rb8 24. Bd1 O-O 25. Rb3 Qa5 26. Bc2 Rfc8 27.
Qe2 Qxa2 28. Qd3 a5 29. Ke2 Rd8 30. Qd1 Nc5 31. Rb1 Nxd4+ 32. Bxd4 Qc4+ 33.
Ke3 Qxd4+ 34. Qxd4 Rxd4 35. Kxd4 Rd8+ 36. Kc4 Rd2 37. Rxb4 axb4 38. Kxc5
Rxc2 39. Kxb4 Rxg2 40. Kxc3 Rf2 41. Rd1 Rxf4 42. Rd4 Rf3+ 43. Rd3 Rf5 44.
Re3 f6 45. exf6 Rxf6 46. Kd4 Kf7 47. Re4 g5 48. Rg4 Rf5 49. Ke4 Kf6 50. Ke3
e5 51. Re4 Ke6 52. Ra4 Kd5 53. Ra5+ Ke6 54. Ra6+ Kd5 55. Ra5+ Kc4 56. Ke4
Rf2 57. Kxe5 Rf3 58. Ra4+ Kb5 59. Rg4 Rxh3 60. Rxg5 Rh1 61. Kf4+ Kc4 62.
Rh5 h3 63. Kg3 1/2-1/2

[Event "Landsturneringen 2023"]
[Site "Vallhall, Oslo"]
[Date "2023.07.01"]
[Round "1"]
[White "Kyrkjebø, Eirik"]
[Black "Stette, Harald Peter"]
[Result "1-0"]
[WhiteElo "1585"]
[BlackElo "1476"]
[TimeControl "40/5400+30:1800+30"]
[BlackFideId "1535056"]
[WhiteFideId "1511580"]

1. e4 e5 2. Nf3 Nc6 3. Nc3 Nf6 4. Bb5 d6 5. d4 exd4 6. Nxd4 Bd7 7. Bxc6
bxc6 8. Qf3 c5 9. Nf5 Bxf5 10. exf5 d5 11. Bg5 c6 12. Qe3+ Be7 13. Bxf6
gxf6 14. O-O-O O-O 15. Qh6 Kh8 16. Qh5 Qe8 17. Rhe1 Rg8 18. Rd3 Qf8 19. Rh3
Rg7 20. Ne2 Bd6 21. Qh6 Be7 22. Nf4 Re8 23. Nh5 Rg8 24. Qxf8 Rgxf8 25. Rhe3
Rd8 26. Rxe7 d4 27. Nxf6 Kg7 28. Ng4 c4 29. Rxa7 d3 30. cxd3 cxd3 31. Kd2
h5 32. Ne5 Kf6 33. Nxc6 Rd6 34. Nb4 Rg8 35. g3 Rg5 36. Ree7 Rxf5 37. Rxf7+
Ke6 38. Rae7# 1-0

[Event "Landsturneringen 2023"]
[Site "Vallhall, Oslo"]
[Date "2023.07.01"]
[Round "1"]
[White "Sparta, Manuel"]
[Black "Selmer, Thorgrim Juhani"]
[Result "1-0"]
[WhiteElo "1474"]
[BlackElo "1582"]
[TimeControl "40/5400+30:1800+30"]
[BlackFideId "1510576"]
[WhiteFideId "1552287"]

1. e4 c6 2. Nf3 d5 3. d3 dxe4 4. Ng5 exd3 5. Bxd3 Nf6 6. Nxf7 Kxf7 7. Bg6+
hxg6 8. Qxd8 e5 9. O-O Nbd7 10. Qa5 b6 11. Qc3 Bc5 12. Be3 Ba6 13. Rd1 Nd5
14. Rxd5 cxd5 15. Bxc5 bxc5 16. Qf3+ Nf6 17. Nc3 Ke6 18. Re1 Raf8 19. Qg3
Rh5 20. Qxg6 Rfh8 21. h3 d4 22. Ne4 R8h6 23. Qxg7 Nxe4 24. Rxe4 Kd5 25. f3
c4 26. Qd7+ Kc5 27. Qxa7+ Kd5 28. b4 cxb3 29. axb3 Bb5 30. b4 Be8 31. Qc5+
Ke6 32. f4 1-0

[Event "Landsturneringen 2023"]
[Site "Vallhall, Oslo"]
[Date "2023.07.02"]
[Round "2"]
[White "Baumann, Tobias Opdalshei"]
[Black "Bruvold, Cathrine"]
[Result "0-1"]
[WhiteElo "1522"]
[BlackElo "1387"]
[TimeControl "40/5400+30:1800+30"]
[BlackFideId "1568434"]
[WhiteFideId "1548506"]

1. e4 c6 2. d4 d5 3. Nc3 dxe4 4. Nxe4 Nf6 5. Ng3 h5 6. h4 Bg4 7. Be2 Nbd7
8. Bf4 e5 9. dxe5 Qa5+ 10. c3 Nxe5 11. b4 Qc7 12. Bxg4 Nfxg4 13. Qe2 Bd6
14. Nf5 O-O-O 15. Nxd6+ Qxd6 16. Kf1 Rhe8 17. f3 Nf6 18. Qc2 Nd5 19. Ne2
Qf6 20. Bxe5 Qxe5 21. Kf2 Qe3+ 22. Kf1 g6 23. Rd1 Nf4 24. Nxf4 Rxd1+ 25.
Qxd1 Qxf4 26. Kf2 Rd8 27. Qe1 Rd2+ 28. Kg1 Qd6 29. Qe8+ Kc7 30. Qxf7+ Kb6
31. f4 Qd3 32. Qe6 Qg3 33. Qe4 Rd1+ 0-1

[Event "Landsturneringen 2023"]
[Site "Vallhall, Oslo"]
[Date "2023.07.02"]
[Round "2"]
[White "Dybvik, Bjørn Noralf"]
[Black "Bechstrøm, Henrik Mathias"]
[Result "0-1"]
[WhiteElo "1402"]
[BlackElo "1548"]
[TimeControl "40/5400+30:1800+30"]
[BlackFideId "1547232"]
[WhiteFideId "1511882"]

1. e4 e6 2. d4 d5 3. exd5 exd5 4. Bd3 Bd6 5. Nf3 Ne7 6. Bg5 f6 7. Bh4 Bf5
8. O-O O-O 9. Nc3 c6 10. Re1 Bxd3 11. Qxd3 Na6 12. a3 Nc7 13. Re2 Qd7 14.
Bg3 Bxg3 15. hxg3 Rfe8 16. Rae1 Nf5 17. Na4 b6 18. c4 Rxe2 19. Rxe2 Re8 20.
Nc3 Rxe2 21. Qxe2 dxc4 22. Qxc4+ Kf8 23. Qd3 g6 24. Qd2 Kg7 25. Kf1 Nd5 26.
Nxd5 Qxd5 27. g4 Nd6 28. Qe2 Qc4 29. Nd2 Qxd4 30. Qe7+ Nf7 31. Nf3 Qxg4 32.
Qxa7 Qc4+ 33. Kg1 Qc1+ 34. Kh2 Qxb2 35. Kg1 c5 36. g3 c4 37. Kg2 c3 38. Nd4
Qa2 39. Qd7 c2 40. Ne6+ Qxe6 41. Qxe6 c1=Q 42. a4 Qc5 43. Qe4 Qc7 0-1

[Event "Landsturneringen 2023"]
[Site "Vallhall, Oslo"]
[Date "2023.07.02"]
[Round "2"]
[White "Dienes, Tamas"]
[Black "Yran, Petter"]
[Result "0-1"]
[WhiteElo "1487"]
[BlackElo "1576"]
[TimeControl "40/5400+30:1800+30"]
[BlackFideId "1567659"]
[WhiteFideId "1527835"]

1. Nf3 Nf6 2. c4 e6 3. g3 d5 4. cxd5 exd5 5. d4 Bd6 6. Bg2 O-O 7. O-O c6 8.
Re1 Re8 9. Nc3 Be6 10. Bg5 h6 11. Bxf6 Qxf6 12. e4 dxe4 13. Nxe4 Qd8 14.
Nxd6 Qxd6 15. Qd2 Nd7 16. Re3 Nf6 17. Rae1 Red8 18. a3 c5 19. d5 Nxd5 20.
Rd3 Bf5 21. Rb3 b6 22. Re5 Be6 23. Rd3 Rac8 24. Qe1 Qf8 25. Nh4 Nf6 26.
Rxd8 Rxd8 27. h3 Qd6 28. Qe3 Qd1+ 29. Kh2 Qd7 30. g4 Qd6 31. Kg1 Qd1+ 32.
Bf1 Bc4 33. Qe1 Qxe1 34. Rxe1 Bxf1 35. Kxf1 Rd2 36. Re2 Rxe2 37. Kxe2 g6
38. Nf3 Nd5 39. Ne5 Nf4+ 40. Kf3 Nxh3 41. Nc6 a5 42. Ne5 b5 43. Ke3 Ng5 44.
b3 Ne6 45. Ke4 b4 46. a4 Nd4 47. Kd3 Nxb3 48. Kc4 Nd2+ 49. Kxc5 h5 50. gxh5
gxh5 51. Kb5 b3 52. Nd3 h4 53. Kxa5 h3 54. f4 h2 0-1

[Event "Landsturneringen 2023"]
[Site "Vallhall, Oslo"]
[Date "2023.07.02"]
[Round "2"]
[White "Smedsrud, Morten S"]
[Black "Edroma, Godfrey"]
[Result "0-1"]
[WhiteElo "1401"]
[BlackElo "1519"]
[TimeControl "40/5400+30:1800+30"]
[BlackFideId "1555065"]
[WhiteFideId "1529668"]

1. e4 e5 2. d4 Nc6 3. d5 Nce7 4. c4 f5 5. Nc3 f4 6. c5 Ng6 7. b4 a6 8. a4
d6 9. Ba3 Nh6 10. Be2 Qf6 11. Bh5 Be7 12. Nf3 O-O 13. Bxg6 Qxg6 14. Qe2 Bd7
15. Nd2 Qxg2 16. O-O-O f3 17. Qf1 Rf4 18. Nc4 Ng4 19. Rd2 Nxh2 20. Qg1 Ng4
21. Kb1 Raf8 22. Rc2 Nf6 23. Ne3 Qxg1+ 24. Rxg1 Nxe4 25. Nxe4 Rxe4 26. cxd6
Bxd6 27. Nc4 Bxa4 28. Rc3 h6 29. Nxd6 cxd6 30. Rc7 Rf7 31. Rc8+ Kh7 32. Rd8
Re2 33. Rxd6 Rd2 34. Rg4 Rd7 35. Rxd7 Bxd7 36. Re4 Bf5 37. Kc1 Bxe4 38.
Kxd2 Bxd5 39. Ke3 e4 40. Bb2 g5 41. Be5 Kg6 42. Bc7 Kf5 43. Kd4 Bc6 44. Ke3
Kg4 45. Bb8 Kh3 46. Bc7 h5 47. Be5 h4 48. Bc7 g4 49. Be5 g3 50. fxg3 hxg3
51. Bc7 Kg2 0-1

[Event "Landsturneringen 2023"]
[Site "Vallhall, Oslo"]
[Date "2023.07.02"]
[Round "2"]
[White "Eilertsen, Håkon Renna"]
[Black "Sparta, Manuel"]
[Result "1-0"]
[WhiteElo "1569"]
[BlackElo "1474"]
[TimeControl "40/5400+30:1800+30"]
[BlackFideId "1552287"]
[WhiteFideId "1544047"]

1. d4 d5 2. c4 c6 3. Nf3 Bf5 4. cxd5 cxd5 5. Qb3 b6 6. Nc3 e6 7. e4 dxe4 8.
Bb5+ Nd7 9. Ne5 Nf6 10. Bg5 Be7 11. Bxf6 gxf6 12. Nxd7 a6 13. Bc6 Rc8 14.
Nxf6+ Kf8 15. Nd7+ Kg7 16. Ne5 Qxd4 17. Bb7 Qxe5 18. Bxc8 Rxc8 19. O-O Bd6
20. g3 h5 21. Qxb6 h4 22. Qe3 h3 23. Rad1 Bc5 24. Qg5+ Kh7 25. Rd7 Rf8 26.
g4 Bd6 27. Rxd6 Qxd6 28. Qh5+ Kg7 29. gxf5 Rg8 30. Rd1 Qe5 31. Kh1 exf5 32.
Qg5+ Kh7 33. Qh5+ Kg7 34. Rg1+ Kf8 35. Qh6+ Rg7 36. Qh8+ Ke7 37. Qxg7 Qf4
38. Qg5+ 1-0

[Event "Landsturneringen 2023"]
[Site "Vallhall, Oslo"]
[Date "2023.07.02"]
[Round "2"]
[White "Hauan, Tore Martin Madsø"]
[Black "Noer, Andreas"]
[Result "0-1"]
[WhiteElo "1542"]
[BlackElo "1406"]
[TimeControl "40/5400+30:1800+30"]
[BlackFideId "1571095"]
[WhiteFideId "1513508"]

1. d4 f5 2. c4 Nf6 3. Nc3 g6 4. Nf3 Bg7 5. Bf4 O-O 6. e3 d6 7. Be2 Qe8 8.
O-O h6 9. h3 c6 10. Qb3 Nbd7 11. c5+ d5 12. Ne5 Ne4 13. Nxe4 fxe4 14. Nxd7
Qxd7 15. Bg4 Qe8 16. Bxc8 Qxc8 17. Qd1 Qd7 18. b4 Rae8 19. Qe2 e5 20. dxe5
g5 21. Bg3 Bxe5 22. Bxe5 Rxe5 23. a4 a6 24. Rab1 Ra8 25. f3 exf3 26. Rxf3
Rf5 27. Rbf1 Raf8 28. Qd3 Rxf3 29. Qg6+ Qg7 30. Qxg7+ Kxg7 31. Rxf3 Re8 32.
b5 Re4 33. bxc6 bxc6 34. Rf2 a5 35. Rb2 Rb4 36. Ra2 Rc4 37. Rb2 Rb4 38. Ra2
Rc4 39. Rb2 Rxc5 40. Rb6 Kf6 41. Kf2 Ke5 42. Kf3 Kd6 43. Ra6 h5 44. Ra7 Ke6
45. g3 h4 46. gxh4 gxh4 47. Rg7 Rc4 48. Rg4 *

[Event "Landsturneringen 2023"]
[Site "Vallhall, Oslo"]
[Date "2023.07.02"]
[Round "2"]
[White "Yilmaz, Kazim"]
[Black "Lazareva, Emilie"]
[Result "1-0"]
[WhiteElo "1560"]
[BlackElo "1470"]
[TimeControl "40/5400+30:1800+30"]
[BlackFideId "1540092"]
[WhiteFideId "1514326"]

1. Nf3 Nf6 2. Nc3 d5 3. d4 c5 4. Bg5 Ne4 5. e3 Nxg5 6. Nxg5 e5 7. Bb5+ Nc6
8. Nf3 cxd4 9. exd4 e4 10. Ne5 Qd6 11. O-O a6 12. Ba4 Be7 13. Qh5 O-O 14.
Nxc6 bxc6 15. Qe5 Bb7 16. Qxd6 Bxd6 17. Bb3 f5 18. f3 Kh8 19. Na4 Rad8 20.
c3 g5 21. Nc5 Bxc5 22. dxc5 f4 23. Rfd1 e3 24. Rd4 h5 25. h3 Rde8 26. Bc2
Re7 27. Bg6 h4 28. Bd3 Rb8 29. Rb4 Ree8 30. Rb6 a5 31. a4 Ba8 32. b4 Rxb6
33. cxb6 Bb7 34. bxa5 Ra8 35. a6 Rxa6 36. Bxa6 Bxa6 37. Rb1 Bb7 38. a5 c5
39. a6 Bxa6 40. b7 Bxb7 41. Rxb7 d4 42. cxd4 cxd4 43. Rd7 Kg8 44. Rxd4 Kf7
45. Re4 Kf6 46. Kf1 Kf5 47. Ke2 Kf6 48. Kd3 Kf5 49. Kd4 Kf6 50. Kd5 Kf5 51.
Ra4 Kf6 52. Ke4 1-0

[Event "Landsturneringen 2023"]
[Site "Vallhall, Oslo"]
[Date "2023.07.02"]
[Round "2"]
[White "Stanghelle, Anders"]
[Black "Lien, Benjamin Andreas"]
[Result "1/2-1/2"]
[WhiteElo "1414"]
[BlackElo "1540"]
[TimeControl "40/5400+30:1800+30"]
[BlackFideId "1559338"]
[WhiteFideId "1515489"]

1. e4 e5 2. Nf3 Nc6 3. Bb5 a6 4. Ba4 Nf6 5. O-O b5 6. Bb3 Be7 7. Re1 d6 8.
h3 Na5 9. c3 Nxb3 10. axb3 Bb7 11. d3 O-O 12. Bg5 h6 13. Bh4 Nh7 14. Bxe7
Qxe7 15. Qd2 f5 16. Qe2 Rf7 17. Nbd2 Raf8 18. Rf1 fxe4 19. dxe4 Rf4 20. c4
b4 21. Ra4 Bc8 22. Rxb4 Ng5 23. Nxg5 Qxg5 24. Kh2 Rh4 25. Nf3 Qf4+ 26. Kh1
Bg4 27. Qe3 Rxh3+ 28. gxh3 Bxf3+ 29. Kg1 Qh4 30. Kh2 Rf6 31. Rb8+ Kh7 32.
Rg1 Bxe4 33. Rg3 Rf4 34. Rc8 Qe7 35. Qa7 Rf7 36. Qe3 Rf4 37. Qa7 Rf7 38.
Qe3 Rf4 39. Qa7 Rf7 1/2-1/2

[Event "Landsturneringen 2023"]
[Site "Vallhall, Oslo"]
[Date "2023.07.02"]
[Round "2"]
[White "Nordtug, Per Øistein"]
[Black "Utseth, Mikhail"]
[Result "1-0"]
[WhiteElo "1385"]
[BlackElo "1487"]
[TimeControl "40/5400+30:1800+30"]
[BlackFideId "1517562"]
[WhiteFideId "1547410"]

1. c4 e5 2. Nc3 f5 3. g3 Nf6 4. Bg2 c6 5. d3 Be7 6. e4 d6 7. Nge2 O-O 8.
O-O fxe4 9. dxe4 Be6 10. b3 Qd7 11. f3 Bh3 12. Be3 Bxg2 13. Kxg2 Qe6 14.
Qd2 Nbd7 15. Rad1 h6 16. g4 Nh7 17. Ng3 Rad8 18. Nf5 Ndf6 19. Bxa7 c5 20.
Bb6 Rd7 21. Nb5 Ne8 22. Bxc5 Bg5 23. Qd5 Qxd5 24. Rxd5 Nhf6 25. Bxd6 Nxd5
26. Bxf8 Nf4+ 27. Kg3 Kxf8 28. Nc3 Rd2 29. Rf2 Rd3 30. Nd5 Rd1 31. h4 Bd8
32. Nde3 Rd3 33. Ng2 Ne6 34. Nfe3 Bb6 35. Re2 Nf6 36. Nd5 Nd4 37. Re3 Rxe3
38. Ngxe3 Ba7 39. Nxf6 gxf6 40. Nf5 Nxf5+ 41. gxf5 Bc5 42. f4 exf4+ 43.
Kxf4 Bd6+ 44. Ke3 Ke7 45. h5 Bc5+ 46. Kd3 Kd6 47. Kc3 Ke5 48. b4 Be7 49. c5
Kxe4 50. Kc4 Kxf5 51. Kd5 Kg5 52. Ke6 f5 53. Kxe7 f4 54. b5 f3 55. c6 bxc6
56. bxc6 f2 57. c7 f1=Q 58. c8=Q Qf6+ 59. Ke8 Qh8+ 60. Kd7 Qd4+ 61. Ke7
Qa7+ 62. Kd6 Qd4+ 63. Ke7 Kxh5 64. Qf5+ Kh4 65. Qf6+ Qxf6+ 66. Kxf6 Kg4 67.
a4 h5 68. a5 1-0

[Event "Landsturneringen 2023"]
[Site "Vallhall, Oslo"]
[Date "2023.07.02"]
[Round "2"]
[White "Saude, Christian"]
[Black "Sæthre, Nikolai"]
[Result "1/2-1/2"]
[WhiteElo "1597"]
[BlackElo "1490"]
[TimeControl "40/5400+30:1800+30"]
[BlackFideId "1569317"]
[WhiteFideId "1569465"]

1. d4 d5 2. c4 c6 3. cxd5 cxd5 4. Bf4 Nc6 5. e3 Nf6 6. Nc3 a6 7. Be2 Bf5 8.
Nf3 h6 9. h3 e6 10. O-O Be7 11. Rc1 O-O 12. Na4 Nd7 13. a3 Rc8 14. Nc5 Nxc5
15. dxc5 e5 16. Bxe5 Nxe5 17. Nxe5 Rxc5 18. Rxc5 Bxc5 19. Nf3 1/2-1/2

[Event "Landsturneringen 2023"]
[Site "Vallhall, Oslo"]
[Date "2023.07.03"]
[Round "3"]
[White "Bruvold, Cathrine"]
[Black "Saude, Christian"]
[Result "1/2-1/2"]
[WhiteElo "1387"]
[BlackElo "1597"]
[TimeControl "40/5400+30:1800+30"]
[BlackFideId "1569465"]
[WhiteFideId "1568434"]

1. d4 d5 2. Nf3 Nf6 3. g3 Bf5 4. c4 dxc4 5. Bg2 c6 6. a4 e6 7. O-O Be7 8.
Nc3 Nbd7 9. Re1 Ne4 10. Nd2 Nxc3 11. bxc3 Nf6 12. e4 Bg6 13. Nxc4 O-O 14.
Rb1 Qc8 15. Qb3 b6 16. Ne5 Rd8 17. Bg5 Re8 18. Bxf6 Bxf6 19. Nxc6 Qc7 20.
Rbc1 Rac8 21. f4 Qxc6 22. e5 Qc4 23. Qxc4 Rxc4 24. exf6 gxf6 25. Bf1 Rc7
26. d5 e5 27. Bb5 Rd8 28. fxe5 Rxd5 29. exf6 Rc8 30. Rcd1 Rdc5 31. c4 h6
32. Re7 R5c7 33. Rd8+ Rxd8 34. Rxc7 Rd6 35. Rc6 Re6 36. Rxe6 fxe6 37. a5
Kf7 38. Kf2 Kxf6 39. axb6 axb6 40. Kf3 Ke5 41. Ke3 Kd6 42. g4 e5 43. h4 Kc5
44. h5 Bb1 45. Be8 Bh7 46. Bg6 Bg8 1/2-1/2

[Event "Landsturneringen 2023"]
[Site "Vallhall, Oslo"]
[Date "2023.07.03"]
[Round "3"]
[White "Edroma, Godfrey"]
[Black "Johnson, Knut"]
[Result "0-1"]
[WhiteElo "1519"]
[BlackElo "1465"]
[TimeControl "40/5400+30:1800+30"]
[BlackFideId "1542095"]
[WhiteFideId "1555065"]

1. e4 c6 2. f4 d5 3. Nc3 dxe4 4. Nxe4 Nf6 5. Ng3 Bg4 6. Nf3 e6 7. Bc4 Nbd7
8. c3 Be7 9. O-O O-O 10. h3 Bxf3 11. Qxf3 Re8 12. d3 Nf8 13. Bd2 Qb6+ 14.
Rf2 Rad8 15. b4 Qc7 16. Kh1 Bd6 17. Ne4 Nxe4 18. dxe4 Be7 19. Re1 Kh8 20.
a3 c5 21. Bb3 Rd7 22. Bc2 Red8 23. Be3 b6 24. e5 b5 25. g3 cxb4 26. cxb4
Qc3 27. Ree2 Qxa3 28. Qe4 Qxb4 29. Qf3 Qa3 30. Kg2 Bc5 31. Be4 Kg8 32. Bc6
Rd3 33. Bxc5 Qxc5 34. Rc2 Qxc2 35. Rxc2 Rxf3 36. Kxf3 b4 37. Rb2 Rb8 38.
Ke4 Ng6 39. Kd4 Ne7 40. Ba4 Nf5+ 41. Kc5 Nxg3 42. Bd1 Nf5 43. Bf3 Ne7 44.
Be4 h6 45. Kc4 g6 46. Rxb4 Rxb4+ 47. Kxb4 Nd5+ 48. Bxd5 exd5 49. Kb5 Kf8
50. Kc5 Ke7 51. Kxd5 h5 52. h4 a6 53. Kd4 Ke6 54. Ke4 a5 0-1

[Event "Landsturneringen 2023"]
[Site "Vallhall, Oslo"]
[Date "2023.07.03"]
[Round "3"]
[White "Noer, Andreas"]
[Black "Eilertsen, Håkon Renna"]
[Result "0-1"]
[WhiteElo "1406"]
[BlackElo "1569"]
[TimeControl "40/5400+30:1800+30"]
[BlackFideId "1544047"]
[WhiteFideId "1571095"]

1. c4 c6 2. g3 d5 3. Nf3 Nf6 4. Bg2 Bf5 5. Qb3 Qc7 6. d3 Nbd7 7. O-O e6 8.
cxd5 exd5 9. Bf4 Qb6 10. Nbd2 Be7 11. Rac1 O-O 12. a3 h6 13. Qc2 Rfe8 14.
Be3 c5 15. Nb3 d4 16. Bd2 a5 17. Nxa5 Rxa5 18. Bxa5 Qxa5 19. Nd2 b5 20. Nb3
Qa4 21. Nd2 Qxc2 22. Rxc2 Bf8 23. Bf3 c4 24. Nxc4 bxc4 25. Rxc4 Ne5 26.
Rxd4 Nxf3+ 27. exf3 Bc5 28. Rc4 Bxa3 29. bxa3 Bxd3 30. Rcc1 Bxf1 31. Kxf1
g6 32. a4 Nd5 33. a5 Re6 34. Rc5 Nb4 35. Rb5 Na6 36. Rb6 Rxb6 37. axb6 f6
38. Ke2 Kf7 39. Kd3 Ke6 40. Kc4 Kd6 41. Kb5 Nc5 42. f4 g5 43. fxg5 fxg5 44.
f4 gxf4 45. gxf4 Nd7 46. b7 Kc7 47. b8=Q+ Nxb8 48. Kc5 Kd7 49. Kd5 Ke7 50.
Ke5 Kf7 51. Kf5 Nd7 52. h3 Nf6 53. Ke5 Ne8 54. Kf5 Ng7+ 55. Kg4 Kf6 56. Kg3
Kf5 57. Kh4 h5 58. Kg3 Ne6 59. Kh4 Nxf4 60. Kg3 Ng6 61. h4 Ne5 62. Kh3 Kf4
63. Kh2 Kg4 64. Kg2 Kxh4 65. Kh1 Kg3 66. Kg1 Ng4 67. Kh1 Nf2+ 68. Kg1 h4
69. Kf1 h3 70. Ke1 h2 71. Ke2 h1=Q 72. Kd2 Qd1+ 0-1

[Event "Landsturneringen 2023"]
[Site "Vallhall, Oslo"]
[Date "2023.07.03"]
[Round "3"]
[White "Lie, Bjørn"]
[Black "Grindbakken, Erik"]
[Result "1-0"]
[WhiteElo "1427"]
[BlackElo "1574"]
[TimeControl "40/5400+30:1800+30"]
[BlackFideId "1526170"]
[WhiteFideId "1524372"]

1. d4 b6 2. c4 Bb7 3. Nc3 f5 4. Nf3 Bxf3 5. gxf3 e6 6. Bf4 g5 7. Bd2 h5 8.
Qc2 Qf6 9. Nb5 Qd8 10. Bxg5 Bb4+ 11. Kd1 Qc8 12. Bf4 Na6 13. Be5 Rh7 14.
Rg1 Ne7 15. e4 c6 16. Nd6+ Bxd6 17. Bxd6 Qb7 18. Bxe7 Kxe7 19. exf5 Rf8 20.
f6+ 1-0

[Event "Landsturneringen 2023"]
[Site "Vallhall, Oslo"]
[Date "2023.07.03"]
[Round "3"]
[White "Sæthre, Nikolai"]
[Black "Hole, Vegard"]
[Result "0-1"]
[WhiteElo "1490"]
[BlackElo "1526"]
[TimeControl "40/5400+30:1800+30"]
[BlackFideId "1524275"]
[WhiteFideId "1569317"]

1. d4 Nf6 2. c4 g6 3. Nc3 Bg7 4. e4 d6 5. Be2 O-O 6. Bg5 Na6 7. Qd2 c5 8.
d5 Qa5 9. h4 Nc7 10. h5 a6 11. Kf1 Nce8 12. Bh6 Bg4 13. Bxg4 Bxh6 14. Qxh6
Nxg4 15. Qg5 Nef6 16. f3 Ne5 17. Nge2 Nxc4 18. Nf4 Ne5 19. Kf2 Qb4 20. Nce2
b5 21. Rh3 Qxb2 22. Rah1 Qd2 23. Kg3 Qe3 24. Kh2 Qf2 25. Rg3 Rac8 26. Qh4
Nxf3+ 27. Rxf3 Qxh4+ 28. Kg1 Qe1+ 29. Rf1 Qd2 30. Ng3 Qe3+ 31. Kh2 Ng4+ 32.
Kh3 Nf2+ 33. Rxf2 Qxf2 34. Kg4 g5 35. Rf1 Qd2 36. Kxg5 Kh8 37. Nf5 Rg8+ 38.
Kh4 Rxg2 39. Nxe7 Re8 40. Nxg2 Qxg2 41. Rxf7 Qxe4+ 42. Kg5 Qxe7+ 0-1